 Dungeon Crawl Stone Soup version 0.26-a0-720-g2a1d101370 (webtiles) character file.

Game seed: 246385763347510315

3866 snetch the Cleaver (level 10, -1/88 HPs)
             Began as a Hill Orc Monk on Nov 2, 2020.
             Was a Priest of Beogh.
             Slain by an eight-headed hydra (3 damage)
             ... on level 8 of the Dungeon on Nov 3, 2020.
             The game lasted 00:30:23 (9443 turns).

snetch the Cleaver (Hill Orc Monk)                  Turns: 9443, Time: 00:30:23

Health: -1/88      AC: 24    Str: 18    XL:     10   Next: 19%
Magic:  0/28       EV:  9    Int:  5    God:    Beogh [***...]
Gold:   429        SH:  5    Dex: 15    Spells: 9/9 levels left

rFire    . . .     SeeInvis .   T - +3 trident
rCold    . . .     Faith    .   p - +0 buckler
rNeg     + + +     Spirit   +   n - +10 chain mail of Doaror {rN+++ MP+9 Int-5 Dex+2}
rPois    .         Reflect  .   (no helmet)
rElec    .         Harm     .   J - scarf {+Inv}
rCorr    .         Rampage  .   I - +2 pair of gloves
MR       .....     Rnd*Tele +   L - +0 pair of boots
Stlth    ..........             s - amulet of guardian spirit
HPRegen  0.24/turn              f - ring of teleportation
MPRegen  0.21/turn              k - ring of magical power

@: no status effects
A: no striking features
a: Smiting, Renounce Religion, Evoke Invisibility


You were on level 8 of the Dungeon.
You worshipped Beogh.
Beogh was most pleased with you.
You visited 2 branches of the dungeon, and saw 10 of its levels.

You collected 429 gold pieces.

Inventory:

Hand Weapons
 a - a +2 war axe
 b - a +1 morningstar of holy wrath
 c - a +0 halberd
 d - a +4 quarterstaff of chaos
 r - a +3 dagger of distortion
 E - a cursed -2 quarterstaff
 R - a +3 spear
 T - a +3 trident (weapon)
Missiles
 j - 215 stones
 y - 5 atropa-tipped darts
 z - 6 javelins
 C - 62 bolts
 F - 128 arrows
 H - 43 sling bullets
 P - 2 poisoned darts (quivered)
Armour
 m - the +8 plate armour of Dithmenos's Approval {*Slow rPois rF+ Str+7}
   (You found it on level 5 of the Dungeon)

   It affects your strength (+7).
   It protects you from fire.
   It protects you from poison.
   It may slow you when you take damage.
 n - the +10 chain mail of Doaror (worn) {rN+++ MP+9 Int-5 Dex+2}
   (You found it on level 7 of the Dungeon)

   It affects your intelligence (-5).
   It affects your dexterity (+2).
   It renders you almost immune to negative energy.
   It affects your magic capacity (+9).
 p - a +0 buckler (worn)
 I - a +2 pair of gloves (worn)
 J - a scarf of invisibility (worn)
 L - a +0 pair of boots (worn)
Magical Staves
 g - an uncursed staff of death
Jewellery
 f - a ring of teleportation (left hand)
 k - a ring of magical power (right hand)
 s - an amulet of guardian spirit (around neck)
 B - an uncursed ring of protection from fire
 K - an uncursed ring of protection from magic
 O - an uncursed ring of positive energy
Wands
 v - a wand of random effects (15)
 M - a wand of paralysis (17)
 Q - a wand of disintegration (15)
 S - a wand of flame (15)
Scrolls
 h - a scroll of fog
 l - 4 scrolls of noise
 t - 3 scrolls of remove curse
 w - a scroll of teleportation
 A - 4 scrolls of magic mapping
 D - 2 scrolls of enchant weapon {unknown}
 N - 2 scrolls of identify
Potions
 e - 3 potions of mutation
 i - 3 potions of stabbing {unknown}
 o - 3 potions of might
 q - 5 potions of curing
 x - a potion of brilliance
 G - 2 potions of haste


   Skills:
 + Level 7.7 Fighting
 + Level 10.7(11.8) Axes
 + Level 6.8(9.0) Maces & Flails
 + Level 0.6(5.7) Polearms
 + Level 6.2 Armour
 + Level 4.5 Dodging
 + Level 2.3 Stealth
 + Level 3.0 Shields
 + Level 1.5 Evocations


You had 9 spell levels left.
You didn't know any spells.
Your spell library contained the following spells:

 Spells                   Type           Power        Failure   Level
 Animate Skeleton         Necr           #.....       100%        1
 Pain                     Necr           #...         100%        1
 Shock                    Conj/Air       #...         100%        1
 Swiftness                Air            #.......     100%        2
 Static Discharge         Conj/Air       #.......     100%        3
 Vampiric Draining        Necr           #.........   100%        3
 Airstrike                Air            #.........   100%        4
 Animate Dead             Necr           #.........   100%        4
 Agony                    Necr           #.......     100%        5
 Lightning Bolt           Conj/Air       #.........   100%        5


Dungeon Overview and Level Annotations

Branches:
Dungeon (9/15)             Temple (1/1) D:6
   Lair: D:8-11         Orc: D:9-12

Altars:
Ashenzari
Dithmenos
Elyvilon
Fedhas
Gozag
Hepliaklqana
Kikubaaqudgha
Makhleb
Nemelex Xobeh
Okawaru
Qazlal
Ru
Sif Muna
Trog
Uskayaw
Vehumet
Wu Jian
Xom
Yredelemnul
Zin
The Shining One

Shops:
D:8 *

Annotations:
D:8 gold behind grate


Message History

The eight-headed hydra bites you.
* * * LOW HITPOINT WARNING * * *
The eight-headed hydra bites you but does no damage.
The eight-headed hydra bites you.
* * * LOW HITPOINT WARNING * * *
You block the eight-headed hydra's attack.
The eight-headed hydra bites you!
* * * LOW HITPOINT WARNING * * *
You feel better. The eight-headed hydra misses you.
You block the eight-headed hydra's attack.
The eight-headed hydra bites you but does no damage.
The eight-headed hydra bites you.
* * * LOW HITPOINT WARNING * * *
The eight-headed hydra bites you. x2
* * * LOW HITPOINT WARNING * * *
The eight-headed hydra bites you!
* * * LOW HITPOINT WARNING * * *
The eight-headed hydra barely misses you.
The eight-headed hydra bites you.
You die...

### #....# #.##
##....# ...####.....#
.....[......#
...####.....######
#.##...#.#.>((...#
#.##.#......####B#
#.##...##.### #D#
..###.###.# #@##
#.###.###.# #..#
##........# ##.####
##.#.# ..#######....#
##.)[.##.............#
#.#...###.#######....#
......###.# ###.#..##
.....<....# #..###.#
..........# #.#.#.##


You could see an eight-headed hydra and a worker ant.

Vanquished Creatures
  Psyche (D:7)
  Grinder (D:3)
  Sigmund (D:6)
  Edmund (D:4)
  An ice beast (D:5)
  2 sky beasts
  A black bear (D:7)
  2 phantoms
  4 centaurs
  4 ogres
  A big kobold (D:7)
  4 bullfrogs
  A water moccasin zombie (D:5)
  2 scorpions
  5 killer bees (D:8)
  4 wights (D:8)
  A vampire bat (D:6)
  A howler monkey (D:6)
  A quasit (D:7)
  4 hounds
  4 orc priests (D:6)
  Crazy Yiuf (D:3)
  3 bullfrog skeletons
  Ijyb (D:3)
  An iguana (D:7)
  2 orc wizards
  3 worker ants
  A statue (D:7)
  A hound zombie (D:7)
  2 worker ant zombies
  6 gnolls (D:5)
  15 adders
  2 shadow imps
  2 ufetubi
  3 oozes
  2 adder skeletons (D:6)
  A worm (D:2)
  4 leopard geckos
  11 orcs
  A bat skeleton (D:6)
  3 bat zombies (D:6)
  10 giant cockroaches
  7 goblins
  7 hobgoblins
  9 jackals
  5 quokkas
  2 ball pythons
  13 bats
  7 frilled lizards
  A jackal skeleton (D:4)
  13 kobolds
  A leopard gecko skeleton (D:5)
  A quokka zombie (D:6)
  13 rats
200 creatures vanquished.

Vanquished Creatures (others)
  An orc priest (D:9)
  3 orcs
4 creatures vanquished.

Grand Total: 204 creatures vanquished

Notes
Turn   | Place    | Note
-------+----------+-------------------------------------------
     0 | D:1      | snetch the Hill Orc Monk began the quest for the Orb.
     0 | D:1      | Reached XP level 1. HP: 19/19 MP: 1/1
   112 | D:1      | Reached XP level 2. HP: 6/27 MP: 2/2
   655 | D:2      | Reached XP level 3. HP: 10/33 MP: 1/3
  1015 | D:1      | Reached skill level 5 in Axes
  1223 | D:1      | Reached XP level 4. HP: 39/40 MP: 4/4
  2012 | D:2      | Reached skill level 6 in Axes
  2102 | D:3      | Reached XP level 5. HP: 38/46 MP: 5/5
  2350 | D:3      | Noticed Ijyb
  2355 | D:3      | Paralysed by Ijyb for 7 turns
  2384 | D:3      | Killed Ijyb
  2536 | D:3      | Found a runed translucent door.
  2537 | D:3      | Noticed Crazy Yiuf
  2547 | D:3      | Killed Crazy Yiuf
  2703 | D:4      | Reached skill level 7 in Axes
  2717 | D:4      | Reached XP level 6. HP: 32/52 MP: 6/6
  2840 | D:3      | Noticed Grinder
  2849 | D:3      | Paralysed by Grinder for 3 turns
  2863 | D:3      | Paralysed by Grinder for 2 turns
  2877 | D:3      | Killed Grinder
  2877 | D:3      | Reached skill level 8 in Axes
  2877 | D:3      | Reached XP level 7. HP: 49/60 MP: 7/7
  3049 | D:5      | Entered Level 5 of the Dungeon
  3138 | D:4      | Reached skill level 5 in Fighting
  3338 | D:4      | Found a broken altar of Ashenzari.
  3338 | D:4      | Found a burning altar of Makhleb.
  3341 | D:4      | Found an iron altar of Okawaru.
  3344 | D:4      | Found a bloodstained altar of Trog.
  3345 | D:4      | Found a white marble altar of Elyvilon.
  3345 | D:4      | Found a basalt altar of Yredelemnul.
  3408 | D:4      | Found a hazy altar of Hepliaklqana.
  3629 | D:4      | Noticed Edmund
  3644 | D:4      | Killed Edmund
  3686 | D:5      | Reached XP level 8. HP: 51/70 MP: 8/8
  4615 | D:5      | Found a bloodstained altar of Trog.
  4715 | D:5      | Reached skill level 1 in Shields
  4718 | D:5      | Reached skill level 1 in Maces & Flails
  5484 | D:5      | Got a smouldering plate armour
  5921 | D:6      | Found an ancient bone altar of Kikubaaqudgha.
  5993 | D:6      | Became a worshipper of Beogh the Brigand
  5993 | D:6      | Reached * piety under Beogh
  5993 | D:6      | Reached ** piety under Beogh
  6014 | D:6      | Reached skill level 5 in Armour
  6087 | D:6      | Noticed Sigmund
  6116 | D:6      | Killed Sigmund
  6116 | D:6      | Reached XP level 9. HP: 59/78 MP: 9/9
  6266 | D:7      | Found an opulent altar of Gozag.
  6297 | D:6      | Reached skill level 5 in Maces & Flails
  6297 | D:6      | Reached skill level 1 in Evocations
  6330 | D:6      | Found a staircase to the Ecumenical Temple.
  6415 | Temple   | Entered the Ecumenical Temple
  7182 | D:6      | Identified the +8 plate armour of Dithmenos's Approval
                  | {*Slow rPois rF+ Str+7} (You found it on level 5 of the
                  | Dungeon)
  7475 | D:7      | Got a spiked chain mail
  7485 | D:7      | Identified the +10 chain mail of Doaror {rN+++ MP+9 Int-5
                  | Dex+2} (You found it on level 7 of the Dungeon)
  7558 | D:7      | Reached skill level 9 in Axes
  7573 | D:7      | Reached *** piety under Beogh
  7589 | D:8      | Noticed Psyche
  7646 | D:7      | Killed Psyche
  7952 | D:8      | Reached skill level 10 in Axes
  8110 | D:7      | Found a radiant altar of Vehumet.
  8309 | D:7      | Reached XP level 10. HP: 86/86 MP: 10/10
  8706 | D:8      | Found a glowing silver altar of Zin.
  8933 | D:8      | Found Jecargh's Assorted Antiques.
  8968 | D:9      | Noticed an eight-headed hydra
  9439 | D:8      | HP: 1/88 [eight-headed hydra (12)]
  9443 | D:8      | Slain by an eight-headed hydra

Illustrated notes

Levels and vault maps discovered:
D:1:      dpeg_arrival_windows_large_door, layout_rooms
D:2:      layout_rooms, hex_tiny, chequers_serial_rivers_room_b
D:3:      layout_rooms, minmay_misc_feat_doors, uniq_crazy_yiuf_cottage,
          uniq_grinder, uniq_ijyb
D:4:      kennysheep_six_static_rooms, layout_basic, minitemple,
          lemuel_round_altar, uniq_edmund
D:5:      layout_basic, trog_butcher_becter
D:6:      layout_basic, kennysheep_vampire_church,
          minmay_temple_entry_crystal_x, minmay_microvault, uniq_sigmund
D:7:      layout_gridville, vehumet_statue, basic_altar, minmay_quadrilaterals
D:8:      layout_loops_ring, zin_treasury, serial_shops, kennysheep_mini_moat,
          uniq_psyche
D:9:      layout_long_grid, marbit_many_paths, lemuel_round_altar,
          lair_entry_dummy, uniq_gastronok
Temple:   zaba_magenta_temple

Skill      XL: |  1  2  3  4  5  6  7  8  9 10 |
---------------+-------------------------------+-----
Fighting       | 4 5 6 7 |  7.7
Axes           | 5 6 7 8 10 | 10.7
Dodging        | 3 4 |  4.5
Armour         | 2 4 5 6 |  6.2
Shields        | 1 2 3 |  3.0
Maces & Flails | 4 6 |  6.8
Stealth        | 2 |  2.3
Evocations     | 1 |  1.5
Polearms       | |  0.6

Action                   |  1- 3 |  4- 6 |  7- 9 | 10-12 || total
-------------------------+-------+-------+-------+-------++-------
Melee: Hand axe          |   100 |   144 |       |       ||   244
       Quarterstaff      |       |    38 |   111 |       ||   149
       Morningstar       |       |       |   205 |       ||   205
       War axe           |       |       |   151 |    50 ||   201
       Trident           |       |       |       |    34 ||    34
Throw: Dart              |       |       |       |    13 ||    13
Invok: Convert to Beogh  |       |       |     1 |       ||     1
       Smiting           |       |       |       |     1 ||     1
 Abil: Evoke Invisibilit |     1 |       |     3 |       ||     4
Evoke: Wand              |       |       |     2 |    13 ||    15
  Use: Scroll            |       |       |    11 |     1 ||    12
       Potion            |       |       |       |     5 ||     5
 Stab: Sleeping          |     2 |       |       |       ||     2
       Invisible         |     1 |       |     3 |       ||     4
Armor: Robe              |     9 |       |       |       ||     9
       Chain mail        |    31 |    30 |    75 |   216 ||   352
       Scale mail        |       |    88 |   198 |       ||   286
       Plate armour      |       |       |    10 |       ||    10
Dodge: Dodged            |    68 |    98 |   298 |   122 ||   586
Block: Buckler           |       |    21 |    74 |    61 ||   156

Table legend: (Time is in decaauts)
 A = Elapsed time spent in this place.
 B = Non-inter-level travel time spent in this place.
 C = Inter-level travel time spent in this place.
 D = Time resting spent in this place.
 E = Time spent auto-exploring this place.
 F = Levels seen in this place.
 G = Mean time per level.
                   A        B        C        D        E       F      G
               +--------+--------+--------+--------+--------+-----+--------+
         Total |   9567 |   9114 |    453 |    817 |   5214 |  10 |  956.7 |
       Dungeon |   9287 |   8852 |    435 |    817 |   4954 |   9 | 1031.9 |
        Temple |    279 |    261 |     18 |      0 |    260 |   1 |  279.0 |
               +--------+--------+--------+--------+--------+-----+--------+

Top non-repeatable levels by time:
     D:5: 1744 daAuts
     D:1: 1396 daAuts
     D:4: 1278 daAuts
     D:7: 1260 daAuts
     D:6: 1108 daAuts
     D:8: 855 daAuts
     D:2: 850 daAuts
     D:3: 721 daAuts
  Temple: 279 daAuts
     D:9: 71 daAuts
